Map: Lock & Load

Players

raincamp

  • Race: Zerg Zerg
  • League: Bronze
  • Spawn Location: 7:00

raincamp

  • Race: Terran Terran
  • Spawn Location: 6:00

VOD

Have the link to the VOD?

Description

Time

  • Played on: Nov. 13, 2017, 2:03 p.m.
  • Length: 15:39
Show
View Real Time Build Order
Export as new Build Order

raincamp Zerg 

Build Orders:  

Get SALT Encoding   

  12  0:10  Drone  
  12  0:15  Drone  
  14  0:30  Overlord  
  14  0:37  Extractor  
  14  0:38  Drone  
  14  0:39  Extractor  
  13  0:44  Drone  
  14  0:56  Drone x2  
  16  1:06  Drone  
  16  1:07  Drone  
  18  1:27  Drone  
  18  1:29  Drone  
  20  1:30  Drone  
  21  1:49  Roach Warren  
  13  2:00  Drone x2  
  20  2:03  Overlord  
  22  2:36  Spine Crawler  
  21  2:40  Spine Crawler  
  21  2:43  Lair  
  20  3:12  Drone  
  21  3:20  Spire  
  21  3:29  Drone  
  21  3:40  Mutalisk  
  21  3:42  Mutalisk  
  25  4:00  Mutalisk  
  25  4:19  Mutalisk  
  25  4:25  Mutalisk  
  25  4:28  Leviathan  
  27  4:47  Leviathan  
  29  5:02  Mutalisk  
  29  5:06  Overlord, Hatchery  
  26  5:28  Drone  
  26  5:29  Drone  
  28  5:30  Leviathan  
  28  5:32  Drone x3  
  28  5:33  Drone  
  32  5:51  Extractor  
  32  5:52  Extractor  
  32  5:59  Overlord  
  30  6:02  Drone x2  
  30  6:03  Drone  
  30  6:04  Drone x3  
  36  6:16  Overseer  
  36  6:24  Drone  
  36  6:29  Drone x2  
  39  6:30  Drone x4  
  43  6:43  Roach  
  45  6:50  Roach  
  45  6:53  Roach  
  49  7:11  Zerg Flyer Weapons Level 1  
  49  7:12  Drone x2  
  49  7:13  Drone  
  49  7:19  Overlord  
  52  7:29  Infestation Pit  
  51  7:32  Evolution Chamber  
  50  7:45  Roach  
  50  8:07  Brutalisk  
  50  8:26  Hive  
  50  8:28  Roach, Drone x3  
  50  8:29  Drone x6  
  59  8:32  Drone  
  59  8:33  Roach  
  59  8:36  Overlord  
  59  8:37  Overlord  
  60  8:50  Brutalisk  
  60  8:55  Brutalisk  
  60  9:03  Zerg Missile Weapons Level 1  
  60  9:05  Sundering Glave  
  60  9:07  Drone x2  
  60  9:08  Drone  
  63  9:27  Mutalisk  
  63  9:28  Mutalisk x3  
  63  9:29  Overlord  
  71  9:30  Overlord x2  
  71  9:52  Mutalisk  
  71  9:53  Mutalisk  
  71  9:56  Overlord  
  75  10:31  Zerg Missile Weapons Level 2  
  75  10:33  Vicious Glave  
  75  10:38  Mutalisk x3  
  75  10:39  Mutalisk x4  
  89  11:16  Mutalisk x3  
  89  11:17  Zerg Flyer Weapons Level 2  
  95  11:56  Mutalisk x2  
  95  11:57  Mutalisk  
  95  11:58  Roach  
  103  12:00  Overlord x5  
  103  12:55  Zerg Missile Weapons Level 3  
  103  12:56  Zerg Flyer Weapons Level 3  
  103  12:59  Roach  
  105  13:00  Roach x11  
  105  13:01  Roach x3  
  105  13:02  Overlord  
  133  13:14  Mutalisk  
  135  13:50  Drone  
  135  13:51  Overlord x2  
  136  14:01  Pneumatized Carapace  
  136  14:30  Mutalisk x5  
  136  14:32  Roach  
  136  14:33  Roach x9  
Show
View Real Time Build Order
Export as new Build Order

raincamp Terran 

Build Orders:  

Get SALT Encoding   

  12  0:06  SCV  
Tags
 
Commander
AbathurRaynor
League
Bronze
Matchup
Co-op
Replay Pack
Co-op Speedrun
Add a new tag
Caveats
  • Supply blocks, unpowered buildings, or Contaminate may cause inaccurate times.
  • Supply counts are checked every 10 seconds.